 Dungeon Crawl Stone Soup version 0.27-a0-249-g74f53ef629 (webtiles) character file.

Game seed: 11301933532849795211

57115 puppykicker the Frost Mage (level 14, 0/105 HPs)
             Began as a Demonspawn Ice Elementalist on Feb 3, 2021.
             Was a High Priest of Vehumet.
             Slain by a minotaur
             ... wielding a +2 battleaxe of flaming
              (14 damage)
             ... in a Gauntlet.
             The game lasted 01:36:59 (17460 turns).

puppykicker the Frost Mage (DsIE)                  Turns: 17460, Time: 01:36:59

Health: 0/105      AC: 19    Str: 18    XL:     14   Next: 44%
Magic:  0/35       EV: 16    Int: 14    God:    Vehumet [*****.]
Gold:   1078       SH:  0    Dex: 19    Spells: 6/30 levels left

rFire    x . .     SeeInvis +   a - +8 mace "Zaskuble" {vorpal, Will+}
rCold    + + .     Faith    .   (no shield)
rNeg     + . .     Spirit   +   L - +1 troll leather armour {regen}
rPois    .         Reflect  .   (helmet restricted)
rElec    +         Harm     .   M - +0 cloak
rCorr    .         Rampage  .   q - +0 pair of gloves (curse)
Will     ++...     NoTele   +   Z - +0 pair of boots {Stlth+} {Stlth+}
Stlth    +++.......             R - amulet of regeneration
HPRegen  1.07/turn              W - ring "Xuwk" {Ice rElec rN+ Int-3 Slay+6}
MPRegen  0.48/turn              G - ring "Ufuac" {MP+9 Str+5 Dex+5 SInv}

@: sanguine armour, frozen ramparts
A: horns 2, cold resistance 1, spiny 2, magic shield, magic regeneration,
sanguine armour 2
a: Renounce Religion


You were in a Gauntlet.
You worshipped Vehumet.
Vehumet was extremely pleased with you.
You visited 3 branches of the dungeon, and saw 18 of its levels.
You also visited: Gauntlet.

You collected 1408 gold pieces.
You spent 330 gold pieces at shops.

Inventory:

Hand Weapons
 a - the +8 mace "Zaskuble" (weapon) {vorpal, Will+}
   (You found it on level 5 of the Dungeon)

   It inflicts extra damage upon your enemies.
   It affects your willpower, your defense against some magical effects.
 b - a +4 battleaxe
Missiles
 I - 11 throwing nets (quivered)
 P - 5 curare-tipped darts
Armour
 c - +0 ice dragon scales
 q - a cursed +0 pair of gloves (worn)
 y - a +3 ring mail of positive energy {rN+}
 L - a +1 troll leather armour (worn) {regen}
 M - a +0 cloak (worn)
 X - +0 acid dragon scales
 Y - the +4 chain mail of the Swamp {rCorr}
   (You found it in a Gauntlet)

   It provides partial protection from all sources of acid and corrosion.
 Z - a +0 pair of boots of stealth (worn) {Stlth+}
Magical Staves
 w - an uncursed staff of cold {rC+}
Jewellery
 r - an uncursed ring of flight
 s - a +6 ring of intelligence
 C - an uncursed ring of resist corrosion
 E - a +4 ring of evasion
 F - a +4 ring of slaying
 G - the ring "Ufuac" (right hand) {MP+9 Str+5 Dex+5 SInv}
   (You found it in a Gauntlet)

   [ring of magical power]

   It affects your strength (+5).
   It affects your dexterity (+5).
   It affects your magic capacity (+9).
   It lets you see invisible.
 N - a +4 ring of protection
 R - an amulet of regeneration (around neck)
 S - an uncursed ring of see invisible
 W - the ring "Xuwk" (left hand) {Ice rElec rN+ Int-3 Slay+6}
   (You found it on level 14 of the Dungeon)

   [ring of ice]

   It enhances your ice magic.
   It affects your intelligence (-3).
   It affects your accuracy and damage with ranged weapons and melee attacks
   (+6).
   It makes you vulnerable to fire.
   It protects you from cold.
   It insulates you from electricity.
   It protects you from negative energy.
Wands
 u - a wand of paralysis (20)
 v - a wand of mindburst (21)
 A - a wand of acid (10)
 D - a wand of digging (24)
 H - a wand of iceblast (19)
Scrolls
 e - 2 scrolls of fear
 f - 2 scrolls of fog
 h - 10 scrolls of remove curse
 n - 4 scrolls of amnesia
 t - 13 scrolls of teleportation
 z - 2 scrolls of summoning
 B - a scroll of blinking {!r}
 J - 5 scrolls of silence
 U - 7 scrolls of enchant weapon
Potions
 d - a potion of ambrosia
 g - 5 potions of cancellation
 j - 4 potions of attraction {!q}
 k - a potion of magic
 l - a potion of mutation {!q}
 m - 5 potions of haste
 o - 5 potions of curing
 p - 2 potions of heal wounds
 x - 3 potions of invisibility
 K - a potion of might
 O - a potion of berserk rage {!q}
 Q - 3 potions of flight {unknown}
 T - 2 potions of brilliance
Miscellaneous
 i - a condenser vane
 V - a phantom mirror


   Skills:
 - Level 8.0 Fighting
 - Level 7.0 Axes
 - Level 8.0 Armour
 + Level 6.3 Dodging
 - Level 1.7 Stealth
 + Level 8.5 Spellcasting
 - Level 8.0 Conjurations
 - Level 5.0 Hexes
 - Level 5.0 Summonings
 - Level 5.0 Necromancy
 + Level 4.6 Translocations
 + Level 4.6 Transmutations
 + Level 11.9 Ice Magic
 + Level 2.4 Evocations


You had 6 spell levels left.
You knew the following spells:

 Your Spells              Type           Power        Failure   Level
a - Freeze                Ice            100%         1%          1
b - Frozen Ramparts       Ice            100%         1%          3
c - Hailstorm             Conj/Ice       50%          1%          4
d - Summon Ice Beast      Ice/Summ       44%          4%          4
e - Metabolic Englaciati  Hex/Ice        22%          12%         5
f - Stone Arrow           Conj/Erth      34%          2%          3
g - Apportation           Tloc           36%          1%          1
h - Wereblood             Tmut           18%          3%          2
z - Animate Skeleton      Necr           38%          1%          1

Your spell library contained the following spells:

 Spells                   Type           Power        Failure   Level
 Conjure Ball Lightning   Conj/Air       8%           67%         6
 Beastly Appendage        Tmut           36%          1%          1
 Corona                   Hex            21%          1%          1
 Summon Small Mammal      Summ           76%          1%          1
 Searing Ray              Conj           56%          1%          2
 Ozocubu's Armour         Ice            56%          1%          3
 Sandblast                Erth           10%          4%          1
 Ice Form                 Ice/Tmut       43%          4%          4
 Sting                    Tmut/Pois      48%          5%          1
 Confusing Touch          Hex            19%          5%          3
 Gell's Gravitas          Tloc           9%           6%          3
 Passwall                 Tmut/Erth      10%          9%          2
 Yara's Violent Unravell  Hex/Tmut       9%           14%         5
 Spider Form              Tmut/Pois      6%           16%         3
 Petrify                  Tmut/Erth      12%          47%         4
 Blade Hands              Tmut           9%           50%         5
 Lee's Rapid Deconstruct  Erth           2%           65%         5
 Alistair's Intoxication  Tmut/Pois      8%           83%         5
 Hydra Form               Tmut           9%           97%         6
 Statue Form              Tmut/Erth      8%           100%        6


Dungeon Overview and Level Annotations

Branches:
Dungeon (15/15)            Temple (1/1) D:5            Lair (2/6) D:8
    Orc (0/2) D:11         Vaults (0/5) D:14         Depths (0/5) D:15
Gauntlet (1/1)
  Swamp: Lair:2-4    Shoals: Lair:2-4     Snake: Lair:2-4    Spider: Lair:2-4

Altars:
Ashenzari
Cheibriados
Dithmenos
Elyvilon
Fedhas
Gozag
Hepliaklqana
Kikubaaqudgha
Makhleb
Nemelex Xobeh
Okawaru
Qazlal
Ru
Sif Muna
Trog
Uskayaw
Vehumet
Wu Jian
Xom
Yredelemnul
Zin
The Shining One

Shops:
D:4 =   D:8 [

Annotations:
Gauntlet 10 transporters


Innate Abilities, Weirdness & Mutations

You have a pair of horns on your head.
Your flesh is cold resistant. (rC+)
You are mostly covered in sharp spines.
When hurt, damage is shared between your health and your magic reserves.
You regenerate magic rapidly.
When seriously injured, your bleeding wounds create thick armour. (AC +9)


Message History

The minotaur hits you with a +2 battleaxe of flaming!!
* * * LOW MAGIC WARNING * * *
The minotaur burns you!
* * * LOW MAGIC WARNING * * *
Your blood congeals into armour.
The minotaur misses you.
You take 37 damage, and have 61/105 hp.
MASSIVE DAMAGE!!
You now have 11/35 mp.
Casting: Summon Ice Beast (dangerous; 4% risk of failure)
You feel a surge of power! A chill wind blows around you.
* * * LOW MAGIC WARNING * * *
The wall freezes the minotaur.
The minotaur hits you with a +2 battleaxe of flaming!!
* * * LOW MAGIC WARNING * * *;
* * * LOW HITPOINT WARNING * * *
The minotaur burns you!!
* * * LOW MAGIC WARNING * * *;
* * * LOW HITPOINT WARNING * * *
The minotaur hits your ice beast with a +2 battleaxe of flaming.
The minotaur melts your ice beast. The minotaur gores you!
* * * LOW MAGIC WARNING * * *
You die...

.##...#..#.... #.#
....8.####.... #..
#.....©#..#. ..#
.##.8.####....
#.##......#..#..x"
#....##.8.#..#####
######Y##.##...#≈......
###∩...H.##....8.#∩......
#.######@...##...#≈......
##.##..Y.##.##.8.#..#####
##....##.##......#..#..).
#..##.##....##.8.####..##
##.##....##.##.....©#.#..
#....##.##....8.####.#..
####.##....##...#..#..##
##########≈8§#..#.#..
#####..#.#..


You could see a minotaur (slow) and 2 friendly ice beasts.

Levels and vault maps discovered:
D:1:      zelgadis_glass_arrival_small, layout_rooms, minmay_vboxes
D:2:      layout_basic, lemuel_coloured_pillars_altar,
          nicolae_overflow_hidden_temple, gammafunk_temple_overflow_statue,
          serial_co_window_serial, co_window_corner_a,
          co_window_of_opportunity_a, co_window_paths_b, co_window_corner_a,
          co_window_of_opportunity_a, co_window_paths_c, co_window_corner_b,
          co_window_paths_c, co_window_4corner_b, glass_columns_a,
          glass_columns_b, glass_columns_c, glass_columns_a
D:3:      layout_basic, kennysheep_slug_shrine, minmay_stone_trees_small,
          kennysheep_decorative_pillar, uniq_natasha
D:4:      layout_rooms, serial_shops, nicolae_shop_stone, ashenzari_altar_1,
          uniq_sigmund, uniq_pikel, uniq_ijyb
D:5:      layout_cave_pods, grunt_qazlal_clouds, temple_green,
          kennysheep_cluttered_room, uniq_crazy_yiuf_cottage
D:6:      layout_cave_pools, gammafunk_ghost_split, kennysheep_generic_room_15
D:7:      layout_loops_ring
D:8:      layout_cave_pools, dancing_weapons_uskayaw,
          due_lair_maze_entry_diamond, serial_gnoll_camp, gnoll_camp_mini_basic,
          gnoll_camp_mini_basic, gnoll_camp_mini_loothouse,
          gnoll_camp_huts_moat, gnoll_camp_mini_doghouse, serial_shops, shop
D:9:      layout_loops_ring, lightli_temple_of_fire, minmay_tree_intersection,
          minmay_starry_boxes, uniq_harold
D:10:     layout_basic, minmay_misc_feat_doors
D:11:     layout_long_grid, kennysheep_orc_monster_closet_entryway,
          chequers_serial_rivers_micro_d
D:12:     layout_basic, uniq_urug, uniq_psyche
D:13:     layout_rooms, hangedman_incinerator
D:14:     minmay_swirls_squares, layout_gridville, uniq_roxanne
D:15:     grunt_enter_depths_hoard, layout_stronghold, minmay_strange_pillars,
          uniq_jorgrun
Temple:   eino_temple_lava
Lair:1:   layout_cave_shapes, chequers_serial_rivers_micro_b
Lair:2:   layout_gridlike, gauntlet_entry_generic, small_statue_intersection,
          st_stairs_3, grunt_forest_large_clearings, uniq_fannar, uniq_erica,
          uniq_maggie, uniq_gastronok
Gauntlet: gammafunk_gauntlet_branching [gammafunk_gauntlet_arena_grid,
          nicolae_gauntlet_arena_blocks, gammafunk_gauntlet_arena_teeth,
          gammafunk_gauntlet_arena_split_x, gammafunk_gauntlet_arena_mazey,
          nicolae_gauntlet_arena_grate_2, nicolae_gauntlet_arena_quarters,
          gammafunk_gauntlet_arena_hedges, gauntlet_exit_green]

Notes
Turn   | Place    | Note
-------+----------+-------------------------------------------
     0 | D:1      | puppykicker the Demonspawn Ice Elementalist began the quest
                  | for the Orb.
     0 | D:1      | Reached XP level 1. HP: 13/13 MP: 3/3
   349 | D:1      | Identified a +0 dagger
   350 | D:1      | Identified a +0 dagger
   353 | D:1      | Identified a +0 club
   359 | D:1      | Identified a +0 club
   373 | D:1      | Gained mutation: You are partially covered in sharp spines.
                  | [demonic ancestry]
   373 | D:1      | Reached XP level 2. HP: 18/20 MP: 0/5
   397 | D:1      | Identified a +0 robe
   401 | D:1      | Reached skill level 2 in Dodging
   407 | D:1      | Identified a +0 club
   752 | D:1      | Identified a +0 short sword
   807 | D:2      | Reached skill level 4 in Ice Magic
   807 | D:2      | Gained mutation: You have a pair of small horns on your
                  | head. [demonic ancestry]
   807 | D:2      | Reached XP level 3. HP: 25/25 MP: 3/6
   830 | D:2      | Reached skill level 1 in Fighting
   838 | D:2      | Identified a +0 club
   847 | D:2      | Reached skill level 1 in Armour
   936 | D:2      | Identified a cursed -3 spear
   937 | D:2      | Identified a +0 club
   938 | D:2      | Identified a +0 halberd
   948 | D:2      | HP: 6/26 [gnoll/cursed -3 spear (5)]
   993 | D:2      | Reached XP level 4. HP: 8/32 MP: 1/7
  1323 | D:2      | Learned a level 3 spell: Frozen Ramparts
  1328 | D:2      | Identified a +0 whip
  1399 | D:2      | Found an ornate altar of the Wu Jian Council.
  1424 | D:2      | You fall into a shaft and drop 2 floors!
  1457 | D:4      | Identified a +0 leather armour (You found it on level 4 of
                  | the Dungeon)
  1467 | D:4      | Identified a +0 dagger
  1467 | D:4      | Identified a +0 scale mail
  1467 | D:4      | Noticed Ijyb
  1470 | D:4      | Found a broken altar of Ashenzari.
  1475 | D:4      | Killed Ijyb
  1476 | D:4      | Reached XP level 5. HP: 37/37 MP: 4/8
  1491 | D:4      | Identified a +0 scythe
  1491 | D:4      | Identified a +0 robe
  1491 | D:4      | Noticed Sigmund
  1495 | D:4      | HP: 9/38 [Sigmund/+0 scythe (3)]
  1496 | D:4      | HP: 4/38 [adder (5)]
  1855 | D:3      | Identified a cursed -3 mace
  1861 | D:3      | Identified a +0 club
  2138 | D:2      | Found a broken altar of Ashenzari.
  2138 | D:2      | Found a shadowy altar of Dithmenos.
  2255 | D:2      | Found an opulent altar of Gozag.
  2324 | D:2      | Learned a level 4 spell: Summon Ice Beast
  2697 | D:3      | Found a snail-covered altar of Cheibriados.
  2729 | D:3      | Identified a +0 ring mail (You found it on level 3 of the
                  | Dungeon)
  2755 | D:3      | Identified a +0 pair of gloves (You found it on level 3 of
                  | the Dungeon)
  2784 | D:3      | Identified a +0 pair of boots (You found it on level 3 of
                  | the Dungeon)
  2901 | D:3      | Identified a +0 short sword
  2935 | D:3      | Identified a ring of teleportation (You found it on level 3
                  | of the Dungeon)
  2936 | D:3      | Identified 4 scrolls of identify
  2936 | D:3      | Identified a potion of attraction
  2937 | D:3      | Identified a potion of ambrosia
  2938 | D:3      | Identified a scroll of noise
  2939 | D:3      | Identified a scroll of amnesia
  2941 | D:3      | Identified 3 scrolls of remove curse
  3031 | D:3      | Noticed Natasha
  3036 | D:3      | Killed Natasha
  3037 | D:3      | Reached skill level 2 in Fighting
  3187 | D:4      | Reached skill level 2 in Armour
  3187 | D:4      | Gained mutation: When seriously injured, your bleeding
                  | wounds create armour. (AC +9) [demonic ancestry]
  3187 | D:4      | Reached XP level 6. HP: 44/44 MP: 7/10
  3225 | D:4      | Killed Sigmund
  3226 | D:4      | Reached skill level 3 in Spellcasting
  3226 | D:4      | Reached skill level 1 in Summonings
  3226 | D:4      | Reached skill level 5 in Ice Magic
  3340 | D:4      | Reached skill level 3 in Dodging
  3351 | D:4      | Gained mutation: You regenerate magic rapidly. [demonic
                  | ancestry]
  3351 | D:4      | Reached XP level 7. HP: 47/51 MP: 5/11
  3368 | D:4      | Reached skill level 3 in Fighting
  3490 | D:4      | Found Paokhliu's Jewellery Shop.
  3659 | D:4      | Identified a +1 whip of electrocution
  3659 | D:4      | Identified a +1 robe
  3659 | D:4      | Noticed Pikel
  3685 | D:4      | HP: 1/52 [Pikel/+1 whip of electrocution (14)]
  3687 | D:4      | Killed Pikel
  3688 | D:4      | Reached skill level 3 in Armour
  3688 | D:4      | Reached skill level 2 in Summonings
  3688 | D:4      | Reached skill level 6 in Ice Magic
  3688 | D:4      | Reached XP level 8. HP: 2/60 MP: 4/12
  3707 | D:4      | Identified a +0 mace
  3721 | D:4      | Identified a +2 dagger of venom
  3721 | D:4      | Identified a +6 ring of intelligence
  3722 | D:4      | Identified a +0 club
  3722 | D:4      | Identified a +0 scale mail
  4002 | D:4      | Identified a +0 giant club
  4011 | D:4      | Reached skill level 4 in Fighting
  4011 | D:4      | Reached skill level 3 in Summonings
  4188 | D:4      | You fall into a shaft and drop 3 floors!
  4189 | D:7      | Identified a +0 dire flail
  4189 | D:7      | Identified a +0 plate armour
  4219 | D:7      | Identified a +0 trident of pain
  4241 | D:7      | Identified a +1 vorpal hand axe
  4241 | D:7      | Identified a +0 leather armour
  4252 | D:7      | Reached skill level 7 in Ice Magic
  4278 | D:6      | Reached skill level 4 in Armour
  4343 | D:6      | Identified a potion of cancellation
  4344 | D:6      | Identified 2 potions of curing
  4345 | D:6      | Identified a potion of invisibility
  4347 | D:5      | Entered Level 5 of the Dungeon
  4392 | D:5      | Identified a +0 dagger
  4394 | D:5      | Identified a +0 hand axe
  4394 | D:5      | Identified a +0 whip
  4505 | D:5      | Identified a +0 hand axe
  4505 | D:5      | Identified a +0 club
  4505 | D:5      | Identified a +0 dagger
  4505 | D:5      | Identified a +0 leather armour
  4505 | D:5      | Identified a +0 morningstar
  4505 | D:5      | Identified a +0 scale mail
  4686 | D:5      | Identified a scroll of fog
  4692 | D:5      | Identified an uncursed amulet of faith (You found it on
                  | level 4 of the Dungeon)
  4721 | D:5      | Found a staircase to the Ecumenical Temple.
  4727 | Temple   | Entered the Ecumenical Temple
  4811 | Temple   | Became a worshipper of Vehumet
  4817 | Temple   | Learned a level 4 spell: Hailstorm
  4870 | D:5      | Identified a cursed -1 dagger
  4870 | D:5      | Identified a +0 robe
  4871 | D:5      | Identified a +0 dagger
  4871 | D:5      | Identified a +0 robe
  4871 | D:5      | Identified a cursed +0 dagger
  4871 | D:5      | Identified a +0 robe
  4950 | D:4      | Identified a scroll of blinking
  5032 | D:5      | Found a stormy altar of Qazlal.
  5148 | D:5      | Reached skill level 1 in Conjurations
  5317 | D:5      | Found a runed translucent door.
  5318 | D:5      | Identified a +2 quarterstaff of chaos
  5318 | D:5      | Identified a +0 cloak
  5318 | D:5      | Noticed Crazy Yiuf
  5323 | D:5      | Killed Crazy Yiuf
  5335 | D:5      | Got a dazzling mace
  5336 | D:5      | Identified the +8 mace "Zaskuble" {vorpal, Will+} (You
                  | found it on level 5 of the Dungeon)
  5342 | D:5      | Identified a cursed +0 mace (You found it on level 5 of the
                  | Dungeon)
  5542 | D:6      | Noticed CowFu's ghost (novice HOFE)
  5548 | D:6      | Identified a +0 short sword
  5550 | D:6      | Found a runed translucent gate.
  5550 | D:6      | Found a runed translucent gate.
  5555 | D:6      | Identified a +0 giant spiked club
  5563 | D:6      | Gained mutation: You are mostly covered in sharp spines.
                  | [demonic ancestry]
  5563 | D:6      | Reached XP level 9. HP: 55/65 MP: 13/13
  5626 | D:6      | Found a runed translucent gate.
  5708 | D:6      | Identified a +0 club
  5708 | D:6      | Identified a +0 chain mail
  5714 | D:6      | Identified a +0 spear
  5715 | D:6      | Identified a +0 spear
  5718 | D:6      | Identified a +0 spear
  5764 | D:6      | Identified a +0 falchion (You found it on level 6 of the
                  | Dungeon)
  5947 | D:6      | Killed CowFu's ghost
  5948 | D:6      | Reached skill level 2 in Conjurations
  5948 | D:6      | Reached skill level 8 in Ice Magic
  5948 | D:6      | Reached * piety under Vehumet
  5948 | D:6      | Offered knowledge of Sandblast by Vehumet.
  5985 | D:6      | Identified a ring of see invisible (You found it on level 6
                  | of the Dungeon)
  6176 | D:7      | Reached skill level 4 in Summonings
  6189 | D:7      | Identified a cursed -3 giant club
  6212 | D:7      | Reached skill level 5 in Armour
  6344 | D:7      | Identified a +2 ring mail of willpower (You found it on
                  | level 7 of the Dungeon)
  6347 | D:7      | Identified a ring of slaying (You found it on level 7 of
                  | the Dungeon)
  6403 | D:7      | Identified a +0 club
  6403 | D:7      | Identified a +0 dagger
  6403 | D:7      | Identified a +0 robe
  6403 | D:7      | Identified a +0 flail
  6403 | D:7      | Identified a +0 club
  6403 | D:7      | Identified a cursed +0 leather armour
  6404 | D:7      | Identified a cursed -3 dagger
  6437 | D:7      | Identified a +0 dagger
  6437 | D:7      | Identified a +0 robe
  6444 | D:7      | Identified a +0 chain mail
  6447 | D:7      | Identified a +0 club
  6452 | D:7      | Reached skill level 4 in Dodging
  6506 | D:7      | Identified a +0 war axe
  6514 | D:7      | Identified a +0 broad axe (You found it on level 7 of the
                  | Dungeon)
  6613 | D:7      | Identified a cursed amulet of inaccuracy (You found it on
                  | level 7 of the Dungeon)
  6678 | D:7      | Identified a ring of magical power (You found it on level 7
                  | of the Dungeon)
  6747 | D:7      | Reached skill level 4 in Spellcasting
  6794 | D:8      | Identified a +0 shortbow
  6809 | D:8      | Reached skill level 5 in Fighting
  6857 | D:8      | Identified a +0 giant club
  6858 | D:8      | Reached skill level 3 in Conjurations
  6867 | D:8      | Reached XP level 10. HP: 48/74 MP: 16/16
  6976 | D:8      | Identified a cursed -1 whip
  6976 | D:8      | Identified a +0 chain mail
  6979 | D:8      | Identified a +0 club
  6979 | D:8      | Identified a +0 ring mail
  7000 | D:8      | Identified a +0 giant club
  7007 | D:8      | Offered knowledge of Searing Ray by Vehumet.
  7040 | D:8      | Identified a +0 spear
  7040 | D:8      | Identified a +0 robe of resistance
  7044 | D:8      | Identified a +2 spear of venom
  7048 | D:8      | Reached ** piety under Vehumet
  7102 | D:8      | Identified a +0 whip
  7102 | D:8      | Identified a +0 robe
  7185 | D:8      | Identified a +3 battleaxe
  7185 | D:8      | Identified a +0 robe
  7188 | D:8      | Identified a +1 morningstar
  7188 | D:8      | Identified a +0 robe
  7193 | D:8      | Identified a +3 morningstar
  7193 | D:8      | Identified a +0 robe
  7378 | D:8      | Identified a +0 hand axe
  7378 | D:8      | Noticed a +0 hand axe
  7379 | D:8      | Identified a +0 hand axe
  7379 | D:8      | Noticed a +0 hand axe
  7383 | D:8      | Found a hide-covered altar of Uskayaw.
  7399 | D:8      | Found Fiesaral's Armour Shoppe.
  7416 | D:8      | Found a staircase to the Lair.
  7422 | D:8      | Identified a cursed +0 halberd
  7422 | D:8      | Identified a +0 halberd
  7422 | D:8      | Identified a +0 shortbow
  7431 | D:8      | Reached skill level 9 in Ice Magic
  7464 | D:8      | Learned a level 2 spell: Searing Ray
  7534 | D:8      | Identified a +0 whip
  7536 | D:8      | Identified a cursed -1 flail
  7541 | D:8      | Identified a +0 whip
  7541 | D:8      | Identified a +0 leather armour
  7633 | D:8      | Identified a +0 halberd
  7636 | D:8      | Identified a +0 whip
  7636 | D:8      | Identified a +0 robe
  7647 | D:8      | Identified a +0 mace
  7649 | D:8      | Identified a +0 dagger
  7649 | D:8      | Identified a +0 robe
  7650 | D:8      | Identified a +0 leather armour
  7651 | D:8      | Identified a +1 mace of draining
  7651 | D:8      | Identified a +0 mace
  7654 | D:8      | Offered knowledge of Static Discharge by Vehumet.
  7663 | D:8      | Identified a cursed -3 whip
  7663 | D:8      | Identified an uncursed ring of willpower
  7679 | D:8      | Identified a +0 club
  7681 | D:8      | Identified a scroll of silence
  7691 | D:8      | Reached *** piety under Vehumet
  7789 | D:8      | Reached skill level 5 in Summonings
  7860 | D:8      | Identified a +3 spear of freezing
  7860 | D:8      | Identified a +0 scale mail
  7959 | D:8      | Identified a +0 flail
  7963 | D:8      | Identified a +0 spear
  7966 | D:8      | Identified a +2 vorpal trident
  7966 | D:8      | Identified a +0 ring mail
  7998 | D:8      | Identified a +1 pair of boots (You found it on level 8 of
                  | the Dungeon)
  8202 | D:8      | Identified a scroll of fear
  8203 | D:8      | Identified 6 scrolls of teleportation
  8204 | D:8      | Identified 4 scrolls of enchant weapon
  8205 | D:8      | Identified 3 scrolls of random uselessness
  8208 | D:8      | Identified 2 scrolls of magic mapping
  8496 | D:4      | Bought an uncursed amulet of regeneration for 330 gold
                  | pieces
  8608 | D:9      | Identified a +0 glaive
  8608 | D:9      | Identified a +0 chain mail
  8608 | D:9      | Identified a +0 dagger
  8608 | D:9      | Identified a +0 ring mail
  8608 | D:9      | Identified a +0 dagger
  8608 | D:9      | Identified a +0 leather armour
  8623 | D:9      | Identified a ring of ice (You found it on level 9 of the
                  | Dungeon)
  8672 | D:9      | Identified a +0 dagger
  8672 | D:9      | Identified a +0 robe
  8673 | D:9      | Offered knowledge of Dazzling Flash by Vehumet.
  8674 | D:9      | Identified a +0 dagger
  8674 | D:9      | Identified a +0 robe
  8674 | D:9      | Identified a +0 flail
  8674 | D:9      | Identified a +0 ring mail
  8675 | D:9      | Identified a +0 mace
  8675 | D:9      | Identified a +0 plate armour
  8687 | D:9      | Reached skill level 4 in Conjurations
  8805 | D:9      | Reached skill level 5 in Dodging
  8806 | D:9      | Reached skill level 5 in Spellcasting
  8812 | D:9      | Learned a level 5 spell: Metabolic Englaciation
  8853 | D:9      | Identified a +0 club
  8858 | D:9      | Identified a +0 short sword
  8858 | D:9      | Identified a +0 leather armour
  9033 | D:9      | Identified a scarf of harm (You found it on level 9 of the
                  | Dungeon)
  9312 | D:9      | Identified a +0 giant club
  9312 | D:9      | Identified a +0 dire flail
  9312 | D:9      | Noticed a two-headed ogre
  9318 | D:9      | Killed a two-headed ogre
  9319 | D:9      | Reached skill level 6 in Fighting
  9319 | D:9      | Reached skill level 6 in Armour
  9319 | D:9      | Reached skill level 1 in Hexes
  9493 | D:9      | Found a bloodstained altar of Trog.
  9493 | D:9      | Identified a +0 mace
  9493 | D:9      | Identified a +0 chain mail
  9493 | D:9      | Noticed Harold
  9505 | D:9      | Killed Harold
  9506 | D:9      | Gained mutation: When seriously injured, your bleeding
                  | wounds create thick armour. (AC +9) [demonic ancestry]
  9506 | D:9      | Reached XP level 11. HP: 67/81 MP: 10/18
  9562 | D:10     | Entered Level 10 of the Dungeon
  9570 | D:10     | Identified a +0 dagger
  9570 | D:10     | Identified a +1 robe of fire resistance
  9571 | D:10     | Identified a +0 glaive
  9571 | D:10     | Identified a +0 plate armour
  9572 | D:10     | Identified a cursed -1 club
  9572 | D:10     | Identified a +0 hand axe of electrocution
  9573 | D:10     | Identified a +0 mace
  9573 | D:10     | Identified a +0 ring mail
  9578 | D:10     | Reached **** piety under Vehumet
  9579 | D:10     | Reached skill level 10 in Ice Magic
  9580 | D:10     | Reached skill level 2 in Hexes
  9616 | D:10     | Identified a +0 giant spiked club
  9616 | D:10     | Identified a +0 giant spiked club
  9616 | D:10     | Noticed a two-headed ogre
  9624 | D:10     | Killed a two-headed ogre
  9688 | D:10     | Identified a +0 dagger
  9688 | D:10     | Identified a +0 chain mail
  9689 | D:10     | Identified a +0 dagger
  9689 | D:10     | Identified a +0 robe
  9690 | D:10     | Identified a +0 dagger
  9690 | D:10     | Identified a +0 scale mail
  9690 | D:10     | Identified a +0 dagger
  9690 | D:10     | Identified a +0 robe
  9697 | D:10     | Identified a +0 trident
  9697 | D:10     | Identified a +0 scale mail
  9705 | D:10     | Offered knowledge of Fireball by Vehumet.
  9782 | D:10     | Got an agate-encrusted chain mail
  9913 | D:10     | Identified a +0 shortbow
  9940 | D:10     | Identified a ring of evasion (You found it on level 10 of
                  | the Dungeon)
  9982 | D:10     | Identified an uncursed amulet of guardian spirit (You found
                  | it on level 10 of the Dungeon)
 10098 | D:10     | Identified a +0 troll leather armour
 10099 | D:10     | Reached skill level 5 in Conjurations
 10128 | D:10     | Identified the +2 chain mail of Suzig {Regen+ Stlth+} (You
                  | found it on level 10 of the Dungeon)
 10139 | D:10     | Identified a scroll of enchant armour
 10525 | D:11     | Identified a +0 flail
 10525 | D:11     | Identified a +0 chain mail
 10537 | D:11     | Killed an unseen horror
 10560 | D:11     | Reached skill level 3 in Hexes
 10562 | D:11     | HP: 18/83 [wyvern zombie (4)]
 10723 | D:11     | Identified a +0 short sword
 10723 | D:11     | Identified a +0 trident
 10724 | D:11     | Identified a +0 club
 10724 | D:11     | Identified a +0 leather armour
 10726 | D:11     | Identified a +0 short sword
 10728 | D:11     | Identified a +0 dagger
 10728 | D:11     | Identified a +0 robe
 10910 | D:11     | Identified a +0 shortbow
 10945 | D:11     | Reached skill level 7 in Fighting
 10961 | D:11     | Found a staircase to the Orcish Mines.
 10961 | D:11     | Identified a +0 trident
 10961 | D:11     | Identified a +0 chain mail
 10961 | D:11     | Identified a +0 club
 10961 | D:11     | Identified a +0 spear
 10961 | D:11     | Identified a +0 short sword
 10961 | D:11     | Identified a +0 chain mail
 10961 | D:11     | Identified a +0 hand axe
 10961 | D:11     | Identified a +0 giant club
 10961 | D:11     | Identified a +0 giant spiked club
 10961 | D:11     | Identified a +0 spear
 10961 | D:11     | Identified a +0 scale mail
 10961 | D:11     | Identified a +0 spear
 10961 | D:11     | Identified a +3 spear of venom
 10961 | D:11     | Identified a +0 ring mail
 10961 | D:11     | Identified a +0 halberd
 10961 | D:11     | Identified a +0 chain mail
 10961 | D:11     | Identified a +0 mace
 10961 | D:11     | Identified a +0 giant spiked club
 10961 | D:11     | Identified a +0 club
 10961 | D:11     | Identified a +0 giant club
 10961 | D:11     | Identified a +0 giant club
 10961 | D:11     | Identified a +0 halberd
 10961 | D:11     | Identified a +0 plate armour
 10961 | D:11     | Identified a +0 giant club
 10968 | D:11     | Reached ***** piety under Vehumet
 10968 | D:11     | Offered knowledge of Iron Shot by Vehumet.
 10969 | D:11     | Reached skill level 7 in Armour
 11076 | D:11     | Identified a +2 halberd of freezing
 11076 | D:11     | Identified a +0 robe
 11076 | D:11     | Identified a +1 spear
 11076 | D:11     | Identified a +0 robe
 11098 | D:11     | Identified a +0 short sword
 11098 | D:11     | Identified a +0 robe
 11098 | D:11     | Identified a +0 long sword
 11098 | D:11     | Identified a +0 robe
 11116 | D:11     | Reached skill level 4 in Hexes
 11122 | D:11     | Noticed a white ugly thing
 11131 | D:11     | Killed a white ugly thing
 11132 | D:11     | Reached skill level 6 in Conjurations
 11205 | D:11     | Identified a +0 giant club
 11205 | D:11     | Identified a +0 great mace
 11205 | D:11     | Noticed a two-headed ogre
 11215 | D:11     | Killed a two-headed ogre
 11456 | D:12     | Identified a +3 dagger of chaos
 11456 | D:12     | Identified a +0 robe
 11456 | D:12     | Noticed Psyche
 11468 | D:12     | Killed Psyche
 11469 | D:12     | Gained mutation: When hurt, damage is shared between your
                  | health and your magic reserves. [demonic ancestry]
 11469 | D:12     | Reached XP level 12. HP: 91/91 MP: 5/20
 11550 | D:12     | Identified a cursed +0 dagger
 11550 | D:12     | Identified a +0 robe
 11558 | D:12     | Identified a +0 falchion
 11558 | D:12     | Identified a +0 robe
 11567 | D:12     | Identified a +0 mace
 11567 | D:12     | Identified a +0 robe
 11571 | D:12     | Identified a cursed +0 giant club
 11571 | D:12     | Identified a +0 giant spiked club
 11571 | D:12     | Noticed a two-headed ogre
 11573 | D:12     | Reached skill level 11 in Ice Magic
 11578 | D:12     | Killed a two-headed ogre
 11581 | D:12     | Identified a cursed +4 short sword
 11581 | D:12     | Identified a +0 robe
 11717 | D:12     | Identified a cursed -1 longbow
 11717 | D:12     | Noticed a centaur warrior
 11723 | D:12     | Killed a centaur warrior
 11724 | D:12     | Reached skill level 8 in Fighting
 11724 | D:12     | Reached skill level 6 in Spellcasting
 11724 | D:12     | Reached skill level 5 in Hexes
 11768 | D:12     | Identified a +0 dagger
 11768 | D:12     | Identified a +0 robe
 11771 | D:12     | Identified a +0 scale mail
 11772 | D:12     | Identified a +0 club
 11772 | D:12     | Identified a +0 scale mail
 11774 | D:12     | Identified a +0 club
 11803 | D:12     | Identified a +0 short sword
 11803 | D:12     | Identified a +0 leather armour
 11805 | D:12     | Identified a +0 dagger
 11805 | D:12     | Identified a +0 robe
 11805 | D:12     | Identified a +0 trident
 11805 | D:12     | Identified a +0 leather armour of fire resistance
 11820 | D:12     | Reached skill level 7 in Conjurations
 11932 | D:12     | Identified a ring of positive energy (You found it on level
                  | 12 of the Dungeon)
 12070 | D:12     | Identified a potion of mutation
 12071 | D:12     | Identified a potion of heal wounds
 12072 | D:12     | Identified a potion of might
 12171 | D:12     | Reached skill level 1 in Axes
 12245 | D:12     | Identified a +0 mace
 12246 | D:12     | Identified a +2 antimagic great sword
 12246 | D:12     | Identified a cursed +0 ring mail
 12246 | D:12     | Noticed Urug
 12248 | D:12     | Identified a +0 ring mail
 12252 | D:12     | Identified a +0 dagger
 12252 | D:12     | Identified a +0 robe
 12253 | D:12     | Killed Urug
 12338 | D:13     | Reached skill level 2 in Axes
 12344 | D:13     | Reached skill level 8 in Conjurations
 12404 | D:13     | Identified a scroll of summoning
 12432 | D:13     | Identified a +0 dagger
 12432 | D:13     | Identified a +0 robe
 12432 | D:13     | Identified a +0 whip
 12432 | D:13     | Identified a cursed +0 leather armour
 12434 | D:13     | Identified a +0 dagger
 12434 | D:13     | Identified a +0 robe
 12436 | D:13     | Identified a +2 dire flail of holy wrath
 12436 | D:13     | Identified a +0 chain mail
 12439 | D:13     | Reached skill level 3 in Axes
 12439 | D:13     | Identified a +0 morningstar
 12506 | D:13     | Identified a ring of protection (You found it on level 13
                  | of the Dungeon)
 12550 | D:13     | Identified a scroll of vulnerability
 12557 | D:13     | Noticed a boulder beetle
 12558 | D:13     | Identified a +0 shortbow
 12558 | D:13     | Identified a +0 shortbow
 12558 | D:13     | Identified a +0 shortbow
 12558 | D:13     | Identified a +4 short sword
 12558 | D:13     | Identified a +0 leather armour
 12559 | D:13     | Identified a cursed -3 whip
 12559 | D:13     | Identified a +0 club
 12562 | D:13     | Reached skill level 4 in Axes
 12563 | D:13     | Identified a +0 dagger
 12565 | D:13     | Identified a +0 shortbow
 12572 | D:13     | Identified a +0 dagger
 12578 | D:13     | Killed a boulder beetle
 12579 | D:13     | Reached skill level 5 in Axes
 12587 | D:13     | Identified a +0 shortbow
 12587 | D:13     | Noticed a centaur warrior
 12588 | D:13     | Identified a +0 giant club
 12588 | D:13     | Identified a +0 giant spiked club
 12588 | D:13     | Noticed a two-headed ogre
 12594 | D:13     | Killed a two-headed ogre
 12755 | D:13     | Reached skill level 6 in Axes
 12825 | D:13     | Identified a +0 flail
 12904 | D:13     | Offered knowledge of Iskenderun's Battlesphere by Vehumet.
 13007 | D:13     | Identified a +0 whip
 13010 | D:13     | Identified a +0 shortbow
 13014 | D:13     | Killed a centaur warrior
 13015 | D:13     | Reached skill level 7 in Axes
 13048 | D:13     | Learned a level 1 spell: Animate Skeleton
 13050 | D:13     | Learned a level 1 spell: Apportation
 13053 | D:13     | Learned a level 2 spell: Wereblood
 13169 | D:14     | Reached skill level 1 in Necromancy
 13169 | D:14     | Gained mutation: Your flesh is cold resistant. (rC+)
                  | [demonic ancestry]
 13169 | D:14     | Reached XP level 13. HP: 60/98 MP: 15/22
 13224 | D:14     | Identified a cursed +4 halberd
 13224 | D:14     | Identified a cursed -2 robe
 13233 | D:14     | Reached skill level 1 in Translocations
 13233 | D:14     | Reached skill level 1 in Transmutations
 13233 | D:14     | Identified a +4 morningstar
 13233 | D:14     | Identified a +0 robe
 13236 | D:14     | Identified a cursed +1 scimitar of freezing
 13236 | D:14     | Identified a +0 robe
 13377 | D:14     | Reached skill level 2 in Necromancy
 13441 | D:14     | Identified Roxanne's Collected Works on Moulding
 13441 | D:14     | Noticed Roxanne
 13449 | D:14     | Identified a +4 scimitar of flaming
 13607 | D:14     | HP: 12/98 [Roxanne/crystal spear (52)]
 13613 | D:14     | Killed Roxanne
 13614 | D:14     | Reached skill level 2 in Translocations
 13614 | D:14     | Reached skill level 2 in Transmutations
 13703 | D:14     | Identified a +0 shortbow
 13703 | D:14     | Identified a +1 vorpal shortbow
 13703 | D:14     | Identified a +0 shortbow
 13703 | D:14     | Identified a +4 shortbow
 13703 | D:14     | Identified a +0 shortbow
 13703 | D:14     | Identified a +0 shortbow
 13705 | D:14     | Identified a +0 shortbow
 13724 | D:14     | Reached skill level 3 in Necromancy
 13810 | D:14     | Found a gate to the Vaults.
 13857 | D:14     | Identified a +0 long sword
 13976 | D:14     | Identified a +0 dagger
 14026 | D:14     | Identified a +0 dagger
 14026 | D:14     | Identified a +0 robe
 14029 | D:14     | Identified a +0 club
 14036 | D:14     | Identified a +0 club
 14039 | D:14     | Reached skill level 7 in Spellcasting
 14092 | D:14     | Reached skill level 3 in Translocations
 14092 | D:14     | Reached skill level 3 in Transmutations
 14117 | D:14     | Identified a +0 dagger
 14117 | D:14     | Identified a +0 robe
 14120 | D:14     | Identified a ring of flight (You found it on level 14 of
                  | the Dungeon)
 14184 | D:14     | Identified a ring of resist corrosion (You found it on
                  | level 14 of the Dungeon)
 14242 | D:14     | Identified a +0 shortbow
 14323 | D:14     | Reached skill level 4 in Necromancy
 14407 | D:14     | Identified a +0 dire flail
 14521 | D:14     | Identified a +0 trident
 14521 | D:14     | Identified a +0 plate armour
 14521 | D:14     | Identified a +0 dagger
 14521 | D:14     | Identified a +0 robe
 14521 | D:14     | Identified a +0 hand axe
 14521 | D:14     | Identified a +0 whip
 14521 | D:14     | Identified a +0 leather armour
 14566 | D:14     | Identified a +0 rapier
 14566 | D:14     | Identified a +0 broad axe
 14566 | D:14     | Identified a +0 robe
 14587 | D:14     | Got a scintillating turquoise ring
 14589 | D:14     | Identified the ring "Xuwk" {Ice rElec rN+ Int-3 Slay+6}
                  | (You found it on level 14 of the Dungeon)
 14642 | D:14     | Identified a +2 battleaxe
 14642 | D:14     | Identified a +0 chain mail
 14643 | D:14     | Identified a +2 vorpal long sword
 14643 | D:14     | Identified a +3 ring mail
 14643 | D:14     | Identified a +0 buckler
 14668 | D:14     | HP: 12/98 [death knight/+2 battleaxe (23)]
 14676 | D:14     | HP: 18/98 [poisoned by a wolf spider]
 14684 | D:14     | HP: 24/98 [poisoned by a wolf spider]
 14852 | D:15     | Entered Level 15 of the Dungeon
 14963 | D:15     | Identified a +0 arbalest
 14973 | D:15     | Offered knowledge of Conjure Ball Lightning by Vehumet.
 14986 | D:15     | Reached skill level 8 in Spellcasting
 15097 | D:15     | Identified a potion of berserk rage
 15145 | D:15     | Gained mutation: You have a pair of horns on your head.
                  | [demonic ancestry]
 15145 | D:15     | Reached XP level 14. HP: 96/105 MP: 8/26
 15395 | D:15     | Learned a level 3 spell: Stone Arrow
 15430 | D:15     | Reached skill level 4 in Translocations
 15433 | D:15     | Reached skill level 4 in Transmutations
 15542 | D:15     | Reached skill level 5 in Necromancy
 15574 | D:15     | Identified +0 ice dragon scales
 15575 | D:15     | Reached skill level 1 in Evocations
 15677 | D:15     | Found a staircase to the Depths.
 15786 | D:15     | Identified a +0 vorpal quarterstaff
 15786 | D:15     | Identified a +0 robe
 15786 | D:15     | Noticed Jorgrun
 15811 | D:15     | Killed Jorgrun
 15812 | D:15     | Reached skill level 6 in Dodging
 16041 | Lair:1   | Entered Level 1 of the Lair of Beasts
 16083 | Lair:1   | Identified a potion of brilliance
 16093 | Lair:1   | HP: 26/105 [seven-headed hydra (11)]
 16093 | Lair:1   | HP: 11/105 [seven-headed hydra (12)]
 16093 | Lair:1   | HP: 5/105 [seven-headed hydra (6)]
 16243 | Lair:1   | Reached skill level 2 in Evocations
 16276 | Lair:1   | Got an encrusted long sword
 16427 | Lair:1   | Identified a cursed +0 pair of gloves (You found it on
                  | level 1 of the Lair of Beasts)
 16467 | Lair:1   | Identified a potion of magic
 16541 | Lair:1   | Reached skill level 8 in Armour
 16761 | Lair:2   | Found a gate leading to a gauntlet.
 16774 | Gauntlet | Entered a Gauntlet
 16774 | Gauntlet | Found a transporter.
 16774 | Gauntlet | Found a transporter.
 16778 | Gauntlet | Found a transporter.
 16778 | Gauntlet | Found a transporter.
 16789 | Gauntlet | Found a transporter.
 16796 | Gauntlet | Identified a +0 dagger
 16796 | Gauntlet | Identified a +0 robe
 16805 | Gauntlet | Found a transporter.
 16808 | Gauntlet | Found a transporter.
 16810 | Gauntlet | Found a transporter.
 16810 | Gauntlet | Found a transporter.
 16813 | Gauntlet | Found a transporter.
 16847 | Gauntlet | Found a transporter.
 16869 | Gauntlet | Found a transporter.
 16904 | Gauntlet | Found a transporter.
 16921 | Gauntlet | Found a transporter.
 17023 | Gauntlet | Found a transporter.
 17039 | Gauntlet | Found a transporter.
 17242 | Gauntlet | Identified +0 acid dragon scales
 17281 | Gauntlet | Got a smelly chain mail
 17297 | Gauntlet | Identified a +0 pair of boots of stealth (You found it in a
                  | Gauntlet)
 17308 | Gauntlet | Identified a +3 ring mail of positive energy (You found it
                  | in a Gauntlet)
 17318 | Gauntlet | Identified the +4 chain mail of the Swamp {rCorr} (You
                  | found it in a Gauntlet)
 17372 | Gauntlet | Got a bound iron ring
 17377 | Gauntlet | Identified the ring "Ufuac" {MP+9 Str+5 Dex+5 SInv} (You
                  | found it in a Gauntlet)
 17454 | Gauntlet | Identified a +2 battleaxe of flaming
 17454 | Gauntlet | Identified the +10 hand crossbow of the Vanishing Places
                  | {elec, Int+5}
 17454 | Gauntlet | Identified a +0 chain mail
 17460 | Gauntlet | HP: 14/105 [minotaur/+2 battleaxe of flaming (20)]
 17460 | Gauntlet | Slain by a minotaur

Table legend: (Time is in decaauts)
 A = Elapsed time spent in this place.
 B = Non-inter-level travel time spent in this place.
 C = Inter-level travel time spent in this place.
 D = Time resting spent in this place.
 E = Time spent auto-exploring this place.
 F = Levels seen in this place.
 G = Mean time per level.
                   A        B        C        D        E       F      G
               +--------+--------+--------+--------+--------+-----+--------+
         Total |  17616 |  16757 |    859 |   4154 |   8672 |  19 |  927.2 |
       Dungeon |  16091 |  15315 |    776 |   4006 |   7832 |  15 | 1072.7 |
        Temple |     98 |     89 |      9 |      0 |     57 |   1 |   98.0 |
          Lair |    738 |    665 |     73 |     99 |    442 |   2 |  369.0 |
      Gauntlet |    687 |    687 |      0 |     49 |    341 |   1 |  687.0 |
               +--------+--------+--------+--------+--------+-----+--------+

Top non-repeatable levels by time:
    D:14: 1739 daAuts
     D:8: 1678 daAuts
     D:2: 1265 daAuts
     D:4: 1231 daAuts
    D:15: 1076 daAuts
     D:3: 1044 daAuts
    D:10: 992 daAuts
    D:11: 975 daAuts
     D:9: 973 daAuts
     D:7: 930 daAuts
     D:5: 900 daAuts
    D:12: 880 daAuts
    D:13: 874 daAuts
     D:1: 801 daAuts
     D:6: 726 daAuts

Table legend:
 A = Kills in this place as a percentage of kills in entire the game.
 B = Kills by you in this place as a percentage of kills by you in the entire game.
 C = Kills by friends in this place as a percentage of kills by friends in the entire game.
 D = Other kills in this place as a percentage of other kills in the entire game.
 E = Experience gained in this place as a percentage of experience gained in the entire game.
 F = Experience gained in this place divided by the number of levels of this place that you have seen.
                   A       B       C       D       E      F
               +-------+-------+-------+-------+-------+----------------------
         Total | 100.0 | 100.0 | 100.0 | 100.0 | 100.0 | 4294.4
       Dungeon |  95.7 |  95.8 |  85.7 | 100.0 |  91.0 | 4951.2
          Lair |   3.0 |   3.0 |   0.0 |   0.0 |   5.6 | 2281.5
      Gauntlet |   1.3 |   1.1 |  14.3 |   0.0 |   3.4 | 2763.0
               +-------+-------+-------+-------+-------+----------------------

Skill      XL: |  1  2  3  4  5  6  7  8  9 10 11 12 13 14 |
---------------+-------------------------------------------+-----
Dodging        | 2 3 4 5 6 |  6.3
Ice Magic      | 4 5 6 7 8 9 10 11 | 11.9
Fighting       | 1 2 3 4 5 6 7 8 |  8.0
Armour         | 1 2 3 4 5 6 7 8 |  8.0
Spellcasting   | 3 4 5 6 8 |  8.5
Summonings     | 1 2 3 4 5 |  5.0
Conjurations   | 1 3 4 6 8 |  8.0
Hexes          | 1 4 5 |  5.0
Axes           | 7 |  7.0
Necromancy     | 1 4 5 |  5.0
Translocations | 3 4 |  4.6
Transmutations | 3 4 |  4.6
Evocations     | 2 |  2.4
Stealth        | |  1.7

Action                   |  1- 3 |  4- 6 |  7- 9 | 10-12 | 13-15 || total
-------------------------+-------+-------+-------+-------+-------++-------
Melee: Unarmed           |     4 |       |       |       |       ||     4
       Dagger            |    23 |       |       |       |       ||    23
       Short sword       |     7 |    36 |    33 |       |       ||    76
       Headbutt          |       |     7 |    27 |    44 |    50 ||   128
       Whip              |       |       |    53 |       |       ||    53
       Mace              |       |       |    65 |   270 |     7 ||   342
       Staff             |       |       |       |    11 |   139 ||   150
       Battleaxe         |       |       |       |       |    32 ||    32
 Fire: Shortbow          |       |       |       |     2 |       ||     2
Throw: Throwing net      |       |       |       |       |     1 ||     1
 Cast: Freeze            |    29 |    25 |    33 |    38 |    53 ||   178
       Frozen Ramparts   |       |     6 |    24 |    27 |    25 ||    82
       Hailstorm         |       |       |     1 |    86 |    46 ||   133
       Summon Ice Beast  |       |       |       |     9 |    26 ||    35
       Searing Ray       |       |       |       |    13 |     3 ||    16
       Metabolic Englaci |       |       |       |    10 |    12 ||    22
       Stone Arrow       |       |       |       |       |     5 ||     5
Evoke: Wand              |       |       |     3 |       |     3 ||     6
  Use: Scroll            |       |     5 |     7 |    14 |     6 ||    32
       Potion            |       |       |       |     2 |     2 ||     4
 Stab: Distracted        |     1 |       |       |       |     2 ||     3
       Sleeping          |       |     2 |       |     1 |     2 ||     5
Armor: Robe              |     4 |     3 |       |       |       ||     7
       Leather armour    |       |     6 |       |       |       ||     6
       Ring mail         |       |    10 |    75 |    60 |       ||   145
       Troll leather arm |       |       |       |   103 |   108 ||   211
Dodge: Dodged            |    33 |    37 |   122 |   299 |   183 ||   674

Vanquished Creatures
  Jorgrun (D:15)
  A dire elephant (Gauntlet)
  4 boulder beetles
  Harold (D:9)
  An ice dragon (D:15)
  A hydra (Lair:1)
  A catoblepas (D:14)
  A death knight (D:14)
  5 two-headed ogres
  4 centaur warriors
  Urug (D:12)
  2 deep elf knights (D:14)
  A skeletal warrior (D:14)
  5 unseen horrors
  The ghost of CowFu the Arsonist, a novice HOFE of Zin (D:6)
  A wizard (D:14)
  A lindwurm (shapeshifter) (D:14)
  Pikel (D:4)
  2 deep elf zephyrmancers (D:14)
  9 ugly things
  2 wolf spiders (D:14)
  2 centaur zombies
  2 manticores
  An elephant (Gauntlet)
  4 cyclopes
  2 black mambas (Lair:1)
  A gargoyle (D:13)
  3 cane toads (Lair:1)
  A komodo dragon (shapeshifter) (D:13)
  An efreet (D:14)
  A yaktaur (D:15)
  Psyche (D:12)
  A kobold demonologist (D:14)
  A komodo dragon (D:8)
  A freezing wraith (D:15)
  A meliai (D:14)
  5 trolls
  4 hornets
  13 slime creatures
  A wind drake (shapeshifter) (D:14)
  A meliai zombie (D:13)
  A centaur simulacrum (D:14)
  Sigmund (D:4)
  21 yaks
  A wyvern (D:8)
  2 wraiths
  4 fire bats (D:13)
  4 vampire mosquitoes
  A human (shapeshifter) (D:14)
  A soldier ant (D:11)
  An acid dragon (Gauntlet)
  A hell hound (D:13)
  4 water moccasins
  An eye of draining (D:15)
  4 sky beasts
  A black bear (shapeshifter) (D:14)
  A black bear (D:8)
  A necrophage (D:12)
  10 orc warriors
  2 ice beasts
  11 ogres
  12 centaurs
  4 lemures (D:4)
  5 phantoms
  5 big kobolds
  16 bullfrogs
  4 gnoll sergeants
  2 wyvern zombies
  8 scorpions
  8 killer bees
  14 wights
  2 electric eels (D:8)
  4 howler monkeys
  A bullfrog zombie (D:7)
  2 quasits
  2 lava snakes (D:13)
  Crazy Yiuf (D:5)
  23 hounds
  3 jellies
  12 orc priests
  3 gnoll shamans (D:8)
  5 bullfrog skeletons
  A centaur skeleton (D:8)
  4 iguanas
  18 orc wizards
  11 worker ants
  Natasha (D:3)
  Ijyb (D:4)
  A killer bee zombie (D:9)
  A worker ant zombie (D:10)
  32 gnolls
  3 howler monkey skeletons
  14 adders
  4 shadow imps
  4 white imps
  2 oozes (D:4)
  5 ufetubi
  An adder skeleton (D:9)
  An adder zombie (D:10)
  2 dart slugs
  5 leopard geckos
  58 orcs
  4 giant cockroaches
  5 goblins (D:1)
  6 hobgoblins
  10 jackals
  16 kobolds
  6 quokkas
  A ball python (D:4)
  6 bats
  4 frilled lizards
  A leopard gecko skeleton (D:4)
  3 rats
  3 fire vortices (D:13)
536 creatures vanquished.

Vanquished Creatures (collateral kills)
  Roxanne (D:14)
  A centaur warrior (D:14)
  An oklob plant (Gauntlet)
  An ugly thing (D:15)
  A slime creature (D:13)
  A centaur (D:14)
  A gnoll (D:8)
7 creatures vanquished.

Vanquished Creatures (others)
  An ice dragon (D:15)
  19 demonic plants (Gauntlet)
  35 fungi (D:8)
  35 plants (D:8)
  3 withered plants (Gauntlet)
93 creatures vanquished.

Grand Total: 636 creatures vanquished
